 Dungeon Sprint DCSS version 0.18-a0-1655-ge2d8d33 (console) character file.

2300000 sorlin the Axe Maniac (level 18, -20/182 HPs)
             Began as a Demonspawn Warper on Mar 30, 2016.
             Was a High Priest of Makhleb.
             Demolished by a destroyer
             ... wielding a +9 great sword of slicing
              (180 damage)
             ... in the Dungeon (Sprint VIII: "Arena of Blood").
             The game lasted 00:01:47 (23 turns).

sorlin the Axe Maniac (Demonspawn Warper)             Turns: 23, Time: 00:01:48

Health: -20/182    AC: 10    Str: 13    XL:     18   Next: 12%
Magic:  21/21      EV: 34    Int: 15    God:    Makhleb [*****.]
Gold:   0          SH:  0    Dex: 19    Spells: 1 memorised, 20 levels left

rFire  + . .     SeeInvis +     l - +∞ Axe of Woe
rCold  . . .     Gourm    .     b - +0 leather armour
rNeg   . . .     Faith    .     (shield currently unavailable)
rPois  .         Spirit   .     (helmet unavailable)
rElec  +         Dismiss  .     (no cloak)
rCorr  .         Reflect  .     (no gloves)
SustAt .         Harm     .     (no boots)
MR     +....     NoTele   +     (no amulet)
Stlth  +.........               (no ring)
                                (no ring)

@: somewhat resistant to hostile enchantments, very unstealthy
A: antennae 3, thin metallic scales 3, demonic guardian 3, fire resistance 1,
powered by pain 3
a: Minor Destruction, Lesser Servant of Makhleb, Major Destruction, Greater
Servant of Makhleb, Renounce Religion


You were in the Dungeon.
You worshipped Makhleb.
Makhleb was extremely pleased with you.
You were not hungry.

You visited 1 branch


Innate Abilities, Weirdness & Mutations

You have a pair of large antennae on your head (SInv).
You are completely covered in thin metallic scales (AC +4, rElec).
A powerful demonic guardian rushes to your aid.
Your flesh is heat resistant.
You are powered by pain.


   Skills:
 O Level 27 Fighting
 O Level 27 Axes
 - Level 0.8 Throwing
 + Level 24.5 Armour
 O Level 27 Dodging
 - Level 2.0 Spellcasting
 - Level 2.6 Translocations


You had 20 spell levels left.
You knew the following spells:

 Your Spells              Type           Power        Failure   Level  Hunger
s - Apportation           Tloc           #.........   10%         1    #......

Inventory:

Hand Weapons
 a - a +0 hand axe
 l - the +∞ Axe of Woe (weapon)
   (You found it in the Dungeon)
Missiles
 e - 5 tomahawks of dispersal (quivered)
Armour
 b - a +0 leather armour (worn)
Scrolls
 d - 2 scrolls of blinking
Potions
 g - a potion of curing
 h - a potion of heal wounds {!q}
 i - a potion of haste {!q}
 j - 2 potions of magic {!q}
 k - a potion of berserk rage {!q}
Books
 c - a book of Spatial Translocations

   Spells                             Type                      Level
   a - Apportation                    Translocation                1
   b - Blink                          Translocation                2
   c - Shroud of Golubria             Charms/Translocation         2
   d - Portal Projectile              Translocation                3
   e - Teleport Other                 Translocation                3
   f - Passage of Golubria            Translocation                4
Comestibles
 f - a bread ration {!e}


Message History

You kill the meat berserker!
Makhleb accepts your kill.
You can now summon a greater servant of Makhleb.
Your Armour skill gained 5 levels and is now at level 22!
You have mastered Dodging!
You hear a shout! x7
An orc and a vampire knight come into view.
Dodging reached 27.
Currently training: Armour(22.1).
Choose a target skill level: The destroyer shouts!
The bag of meat shouts!
You slice the bag of meat!! You chop the bag of meat into pieces.
You kill the bag of meat!
Makhleb accepts your kill.
Your Armour skill gained 2 levels and is now at level 24!
You have reached level 18!
Your experience leads to an increase in your attributes!
Increase (S)trength, (I)ntelligence, or (D)exterity?
You feel agile.
Your demonic ancestry asserts itself...
Your guardian grows in power.
You hear a shout! x6 2 orcs come into view.
Unknown command.
Unknown command.
Unknown command.
A bag of meat comes into view. It is wielding a +9 war axe.
The bag of meat shouts!
You hear a shout! x3
A meat berserker comes into view. It is wielding a +9 battleaxe.
Items here: )) == † a +9 war axe; a +30 ring of slaying; a +9 war axe; a +30 ring of slaying; a bag of meat corpse 4 orcs and an ogre come into view.
The bag of meat shouts! x4; The meat berserker shouts!
You hear a shout! x9 2 orcs and an ogre come into view.
An orc and an ogre come into view.
The bag of meat shouts! x4; The meat berserker shouts!
You hear a shout! x2
The destroyer blinks!
You hear a shout! x3
The meat berserker rages.
The large bag of meat appears out of thin air!
A large bag of meat comes into view. It is wielding a +9 giant spiked club.
The meat berserker hits you with a +9 battleaxe!!
You take 23 damage.
Unknown command.
An orc and an ogre come into view.
The meat berserker shouts!
The bag of meat shouts!
The large bag of meat shouts!
You hear a shout! x6
A bag of meat comes into view. It is wielding a +9 war axe.
You hear a shout! x5
The destroyer hits you with a +9 great sword of slicing!!!!!
Ouch! That really hurt!
You die...

#.. ..# .###..
...###.......
......###............
....._.............
#.....#.......#.#. .
#_.<._#...........
....#.....#......#.#.#
......._...)..........
..o...###.){).....#.#.
.###.....){###o....O..
#......{#@Oo.oC.O..
#.....{.#VoOo..o...
.......o...o.O..o...
........o....#...#o.
.......o....#....#{.
..........##....O#{
.....# ....#.o .....
.###o.o


You could see a destroyer, a large bag of meat (inner flame), 6 meat berserkers
and 11 bags of meat.

Vanquished Creatures
  4 ogres (D)
  8 orcs (D)
12 creatures vanquished.

Notes
Turn   | Place    | Note
--------------------------------------------------------------
     0 | D        | sorlin the Demonspawn Warper began the quest for the Orb.
     0 | D        | Reached XP level 1. HP: 16/16 MP: 3/3
     3 | D        | Noticed a bag of meat
     4 | D        | Noticed a bag of meat
     4 | D        | Became a worshipper of Makhleb the Destroyer
     5 | D        | Noticed a bag of meat
     7 | D        | Noticed a bag of meat
     7 | D        | Killed a bag of meat
     7 | D        | Reached skill level 16 in Fighting
     7 | D        | Reached skill level 20 in Axes
     7 | D        | Gained mutation: You have a pair of small antennae on your head. [demonic ancestry]
     7 | D        | Reached XP level 2. HP: 46/46 MP: 5/5
     7 | D        | Gained mutation: You are partially covered in thin metallic scales (AC +2). [demonic ancestry]
     7 | D        | Reached XP level 3. HP: 52/52 MP: 6/6
     7 | D        | Reached XP level 4. HP: 59/59 MP: 7/7
     7 | D        | Gained mutation: You have a pair of antennae on your head. [demonic ancestry]
     7 | D        | Reached XP level 5. HP: 65/65 MP: 8/8
     7 | D        | Gained mutation: You sometimes gain a little power by taking damage. [demonic ancestry]
     7 | D        | Reached XP level 6. HP: 73/73 MP: 9/9
     7 | D        | Gained mutation: A weak demonic guardian rushes to your aid. [demonic ancestry]
     7 | D        | Reached XP level 7. HP: 79/79 MP: 10/10
     7 | D        | Gained mutation: A demonic guardian rushes to your aid. [demonic ancestry]
     7 | D        | Reached XP level 8. HP: 86/86 MP: 11/11
     7 | D        | Reached XP level 9. HP: 92/92 MP: 12/12
     7 | D        | Reached XP level 10. HP: 99/99 MP: 13/13
     7 | D        | Gained mutation: You have a pair of large antennae on your head (SInv). [demonic ancestry]
     7 | D        | Reached XP level 11. HP: 105/105 MP: 14/14
     8 | D        | Noticed a meat berserker
     8 | D        | Killed a bag of meat
     8 | D        | Reached * piety under Makhleb
     8 | D        | Reached skill level 18 in Fighting
     8 | D        | Reached skill level 23 in Axes
     8 | D        | Gained mutation: You sometimes gain power by taking damage. [demonic ancestry]
     8 | D        | Reached XP level 12. HP: 118/118 MP: 15/15
     9 | D        | Noticed a bag of meat
     9 | D        | Noticed a bag of meat
     9 | D        | Noticed a bag of meat
     9 | D        | Noticed a meat berserker
     9 | D        | Killed a bag of meat
     9 | D        | Reached skill level 20 in Fighting
     9 | D        | Reached skill level 25 in Axes
     9 | D        | Gained mutation: You are powered by pain. [demonic ancestry]
     9 | D        | Reached XP level 13. HP: 128/128 MP: 16/16
    11 | D        | Noticed a bag of meat
    11 | D        | Noticed a meat berserker
    11 | D        | Noticed a bag of meat
    11 | D        | Noticed a meat berserker
    11 | D        | Killed a meat berserker
    11 | D        | Reached ** piety under Makhleb
    11 | D        | Reached skill level 24 in Fighting
    11 | D        | Reached skill level 27 in Axes
    11 | D        | Reached XP level 14. HP: 106/145 MP: 17/17
    13 | D        | Noticed a bag of meat
    13 | D        | Killed a bag of meat
    13 | D        | Reached skill level 25 in Fighting
    13 | D        | Reached skill level 10 in Dodging
    13 | D        | Gained mutation: You are mostly covered in thin metallic scales (AC +3). [demonic ancestry]
    13 | D        | Reached XP level 15. HP: 117/155 MP: 18/18
    13 | D        | Killed a meat berserker
    13 | D        | Reached *** piety under Makhleb
    13 | D        | Reached skill level 27 in Fighting
    13 | D        | Reached skill level 17 in Dodging
    13 | D        | Reached skill level 21 in Dodging
    13 | D        | Gained mutation: Your flesh is heat resistant. [demonic ancestry]
    13 | D        | Reached XP level 16. HP: 167/167 MP: 19/19
    14 | D        | Killed a meat berserker
    14 | D        | Reached skill level 13 in Armour
    14 | D        | Reached skill level 23 in Dodging
    15 | D        | Reached **** piety under Makhleb
    15 | D        | Reached skill level 15 in Armour
    15 | D        | Reached skill level 24 in Dodging
    15 | D        | Gained mutation: You are completely covered in thin metallic scales (AC +4, rElec). [demonic ancestry]
    15 | D        | Reached XP level 17. HP: 174/174 MP: 20/20
    16 | D        | Reached skill level 17 in Armour
    16 | D        | Reached skill level 25 in Dodging
    17 | D        | Killed a meat berserker
    17 | D        | Reached ***** piety under Makhleb
    17 | D        | Reached skill level 22 in Armour
    17 | D        | Reached skill level 27 in Dodging
    18 | D        | Noticed a destroyer
    18 | D        | Reached skill level 24 in Armour
    18 | D        | Gained mutation: A powerful demonic guardian rushes to your aid. [demonic ancestry]
    18 | D        | Reached XP level 18. HP: 182/182 MP: 21/21
    20 | D        | Noticed a meat berserker
    20 | D        | Noticed a meat berserker
    21 | D        | Noticed a meat berserker
    21 | D        | Noticed a meat berserker
    22 | D        | Noticed a large bag of meat
    22 | D        | Noticed a meat berserker
    23 | D        | Demolished by a destroyer

Vault maps used:
D:        meatsprint

Action                   |  1- 3 |  4- 6 |  7- 9 | 10-12 | 13-15 | 16-18 || total
-------------------------+-------+-------+-------+-------+-------+-------++-------
Melee: Executioner's axe |     1 |       |       |     2 |     2 |     5 ||    10
